[Event "Titled Tuesday Blitz August 23 Early 2022"]
[White "Lenderman, Aleksandr"]
[Black "Andreikin, Dmitry"]
[WhiteFideId "2021285"]
[BlackFideId "4158814"]
[WhiteElo "2607"]
[BlackElo "2736"]
[Result "0-1"]
[Round "06"]
[TimeControl "180+1"]
[Date "2022.08.23"]
[WhiteClock "0:00:05"]
[BlackClock "0:01:04"]

1. d4 d5 2. c4 e6 3. Nf3 Nf6 4. e3 a6 5. b3 c5 6. cxd5 exd5 7. Bb2 cxd4 8. Nxd4 Bb4+ 9. Bc3 Bd6 10. Nd2 O-O 11. Be2 Re8 12. Bb2 Nc6 13. O-O Bc7 14. Rc1 Qd6 15. N2f3 Ne4 16. Nxc6 bxc6 17. Qd4 Qg6 18. Rxc6 Bd6 19. Rfc1 h5 20. Qxd5 Bb7 21. Nh4 Bxc6 22. Rxc6 Qe6 23. Qxe6 Rxe6 24. g3 Bxg3 25. Rxe6 Bxf2+ 26. Kg2 fxe6 27. Ng6 Rd8 28. Bd4 Be1 29. Bc4 Bc3 30. Bxe6+ Kh7 31. Bf5 Bxd4 32. Nf8+ Kh6 33. Ne6 Bb6 34. Nxd8 Nd6 35. Bd3 Bxd8 36. Bxa6 Kg5 37. Bd3 Kf6 38. b4 Be7 39. a4 Nf7 40. b5 Bd8 41. Bc4 Ne5 42. Bd5 Bb6 43. e4 Kg5 44. Be6 Kf4 45. Bd5 g5 46. Bb7 g4 47. Bd5 h4 48. Bb7 h3+ 49. Kh1 g3 50. hxg3+ Kxg3 51. Bd5 h2 52. Bb7 Nd3 53. e5 Nf2# 0-1


[Site "https://www.chess.com"]

[Event "Titled Tuesday Blitz August 23 Early 2022"]
[White "Malicka, Maria"]
[Black "Papasimakopoulos, Alexandros"]
[WhiteFideId "1197576"]
[BlackFideId "4244125"]
[WhiteElo "1931"]
[BlackElo "2357"]
[Result "0-1"]
[Round "06"]
[TimeControl "180+1"]
[Date "2022.08.23"]
[WhiteClock "0:01:10"]
[BlackClock "0:01:06"]

1. e4 e6 2. d4 d5 3. Nd2 Nf6 4. e5 Nfd7 5. Bd3 c5 6. c3 Nc6 7. Ne2 cxd4 8. cxd4 f6 9. exf6 Nxf6 10. Nf3 Bd6 11. Bf4 Bb4+ 12. Bd2 Bd6 13. O-O O-O 14. Bf4 Bxf4 15. Nxf4 Ne4 16. Ne2 Bd7 17. Ng3 Ng5 18. Ne5 Nxe5 19. dxe5 Qb6 20. Qh5 h6 21. h4 Nf7 22. Qg6 Nxe5 23. Qh7+ Kf7 24. Nh5 Rg8 25. Nf4 Qd4 26. Rae1 Qxf4 27. g3 Qf6 28. Be2 Qg6 29. Qxg6+ Nxg6 30. Bh5 Kf6 31. Re3 Ne5 32. f4 Nc4 33. Rc3 g6 34. Bf3 Bc6 35. b3 Nd6 36. Rc2 Rae8 37. Re1 g5 38. fxg5+ hxg5 39. Rf2 Ke7 40. h5 g4 41. Bg2 Rg5 42. h6 Rh8 43. Ref1 Rh7 44. Rf8 Nf5 45. Ra8 a6 46. Ra7 Rxh6 47. Rc1 Kd6 48. a4 Nxg3 49. b4 Ne2+ 0-1


[Site "https://www.chess.com"]

[Event "Titled Tuesday Blitz August 23 Early 2022"]
[White "Martin Carmona, Gaston Manuel"]
[Black "Bykhovsky, Anatoly"]
[WhiteFideId "22284567"]
[BlackFideId "2806991"]
[WhiteElo "2162"]
[BlackElo "2540"]
[Result "0-1"]
[Round "06"]
[TimeControl "180+1"]
[Date "2022.08.23"]
[WhiteClock "0:00:12"]
[BlackClock "0:00:18"]

1. d4 Nf6 2. c4 c5 3. Nf3 cxd4 4. Nxd4 Nc6 5. Nc3 e6 6. g3 Qb6 7. Nb3 Ne5 8. e4 Bb4 9. Qe2 O-O 10. Bg2 Qc6 11. Nd2 Bxc3 12. bxc3 Qc7 13. O-O d6 14. f4 Nc6 15. Nb3 b6 16. Ba3 Rd8 17. Rfd1 Ba6 18. Qd3 d5 19. exd5 exd5 20. Nd4 dxc4 21. Qf3 Nxd4 22. Rxd4 Rxd4 23. Qxa8+ Rd8 24. Qf3 h5 25. Re1 Rd3 26. Qe2 Bb7 27. Bxb7 Qxb7 28. Be7 Ng4 29. Ba3 Re3 30. Qd2 Qf3 31. Rf1 Qe4 32. Qd8+ Kh7 33. Qh4 Nf6 34. g4 Re2 35. Qg3 hxg4 36. Qh4+ Kg8 37. Qg3 Qe3+ 38. Qxe3 Rxe3 39. Rd1 Rxc3 40. Rd8+ Kh7 41. Bb2 Rc2 42. Bxf6 gxf6 43. Rd7 Kg6 44. Rxa7 b5 45. Rb7 Rb2 46. a4 b4 47. a5 c3 48. Rc7 c2 0-1


[Site "https://www.chess.com"]

[Event "Titled Tuesday Blitz August 23 Early 2022"]
[White "Moroni, Luca Jr"]
[Black "Bluebaum, Matthias"]
[WhiteFideId "865834"]
[BlackFideId "24651516"]
[WhiteElo "2573"]
[BlackElo "2603"]
[Result "1-0"]
[Round "06"]
[TimeControl "180+1"]
[Date "2022.08.23"]
[WhiteClock "0:00:17"]
[BlackClock "0:01:05"]

1. c4 e6 2. Nc3 d5 3. d4 Nf6 4. cxd5 exd5 5. Bg5 c6 6. e3 h6 7. Bh4 Be7 8. Bd3 O-O 9. Nge2 Re8 10. O-O Nbd7 11. Qc2 Nh5 12. Bxe7 Qxe7 13. Rae1 Nb6 14. Qd2 Be6 15. Nf4 Nxf4 16. exf4 Qd6 17. Re5 f6 18. Re2 Bf7 19. Rfe1 Rxe2 20. Rxe2 Re8 21. Rxe8+ Bxe8 22. Qe3 Bf7 23. f5 Kf8 24. g3 Nc8 25. a3 Qe7 26. Qf4 Qd6 27. Qe3 Qe7 28. Qf4 Nd6 29. Kg2 Be8 30. g4 Bd7 31. b4 Ke8 32. h3 Kd8 33. Kg3 Kc7 34. Be2 b5 35. Qe3 Qf8 36. Bd3 Kb6 37. Ne2 a5 38. bxa5+ Kxa5 39. Qd2+ Kb6 40. Qb4 Qb8 41. Nf4 Kc7 42. Qc5 Qb6 43. Nxd5+ 1-0


[Site "https://www.chess.com"]

[Event "Titled Tuesday Blitz August 23 Early 2022"]
[White "Paravyan, David"]
[Black "Kosteniuk, Alexandra"]
[WhiteFideId "4194985"]
[BlackFideId "4128125"]
[WhiteElo "2569"]
[BlackElo "2469"]
[Result "1-0"]
[Round "06"]
[TimeControl "180+1"]
[Date "2022.08.23"]
[WhiteClock "0:01:35"]
[BlackClock "0:00:54"]

1. e4 e5 2. Nf3 Nc6 3. Nc3 Nf6 4. d4 exd4 5. Nxd4 Bb4 6. Nxc6 bxc6 7. Bd3 O-O 8. O-O d5 9. exd5 cxd5 10. h3 Rb8 11. a3 Be7 12. b4 Be6 13. Nb5 Qd7 14. Nd4 c5 15. bxc5 Bxc5 16. Be3 Bd6 17. Qf3 Be5 18. Rad1 Qa4 19. Rfe1 Bc7 20. Bf4 Bxf4 21. Qxf4 Qxa3 22. Nxe6 fxe6 23. Rxe6 Ne4 24. Qe3 Nxf2 25. Bxh7+ 1-0


[Site "https://www.chess.com"]

[Event "Titled Tuesday Blitz August 23 Early 2022"]
[White "Puranik, Abhimanyu"]
[Black "Boros, Denes"]
[WhiteFideId "5061245"]
[BlackFideId "722340"]
[WhiteElo "2520"]
[BlackElo "2464"]
[Result "1-0"]
[Round "06"]
[TimeControl "180+1"]
[Date "2022.08.23"]
[WhiteClock "0:00:59"]
[BlackClock "0:00:51"]

1. e4 Nc6 2. d4 e5 3. dxe5 Nxe5 4. Nc3 Bc5 5. f4 Nc6 6. Nf3 Nf6 7. e5 Ng4 8. Ne4 Bb6 9. Bc4 O-O 10. Nfg5 Qe7 11. Qxg4 Qb4+ 12. Bd2 Qxc4 13. Nf6+ Kh8 14. Qf5 g6 15. Qh3 h5 16. Nxh5 d6 17. Qh4 Bg4 18. Nf6+ Bh5 19. Nxh5 1-0


[Site "https://www.chess.com"]

[Event "Titled Tuesday Blitz August 23 Early 2022"]
[White "Salinas Herrera, Pablo"]
[Black "Theodorou, Nikolas"]
[WhiteFideId "3407128"]
[BlackFideId "4262875"]
[WhiteElo "2542"]
[BlackElo "2484"]
[Result "0-1"]
[Round "06"]
[TimeControl "180+1"]
[Date "2022.08.23"]
[WhiteClock "0:00:02"]
[BlackClock "0:00:05"]

1. e4 c5 2. Nf3 Nc6 3. Bb5 e6 4. O-O Nge7 5. Re1 h6 6. b3 a6 7. Bf1 b5 8. Bb2 Bb7 9. a4 b4 10. d3 d6 11. Nbd2 Ng6 12. Nc4 e5 13. Nfd2 a5 14. g3 Be7 15. h4 Qc7 16. Bh3 Nf8 17. Ne3 Nd4 18. Ndc4 Nfe6 19. Nd5 Qd8 20. Nce3 Nc7 21. Nxe7 Qxe7 22. Qg4 g6 23. Bg2 h5 24. Qd1 O-O-O 25. c3 Nc6 26. cxb4 axb4 27. Nc4 Ba6 28. Ne3 Kb8 29. Nd5 Qd7 30. f4 Qg4 31. Qxg4 hxg4 32. Bf1 Nxd5 33. exd5 Nd4 34. Bxd4 exd4 35. Re7 Rhe8 36. Rae1 Rxe7 37. Rxe7 Rf8 38. Rd7 Bb7 39. Rxd6 Kc7 40. Rf6 Bxd5 41. Bg2 Bxb3 42. Rc6+ Kd7 43. Rxc5 Bxa4 44. Ra5 Bc2 45. Rd5+ Ke7 46. Rxd4 Rb8 47. Re4+ Kf8 48. Rc4 b3 0-1


[Site "https://www.chess.com"]

[Event "Titled Tuesday Blitz August 23 Early 2022"]
[White "Sarana, Alexey"]
[Black "Ibrahimli, Murad"]
[WhiteFideId "24133795"]
[BlackFideId "13410229"]
[WhiteElo "2666"]
[BlackElo "2109"]
[Result "1-0"]
[Round "06"]
[TimeControl "180+1"]
[Date "2022.08.23"]
[WhiteClock "0:01:00"]
[BlackClock "0:00:42"]

1. d4 Nf6 2. c4 e6 3. Nc3 Bb4 4. e3 b6 5. Ne2 Bb7 6. a3 Be7 7. Ng3 d5 8. cxd5 exd5 9. Bd3 O-O 10. Nf5 c5 11. O-O Ba6 12. dxc5 Bxc5 13. Bxa6 Nxa6 14. b4 Bd6 15. Nxd5 Nxd5 16. Qxd5 Bc7 17. Qc4 Qf6 18. Nd4 b5 19. Qxb5 Rab8 20. Qc6 Qe5 21. g3 Rb6 22. Qg2 Rh6 23. Bb2 Qh5 24. Rac1 Be5 25. Rc6 Rxc6 26. Qxc6 Nb8 27. Qd5 g6 28. Rc1 Re8 29. Kg2 Qg4 30. Rc4 Qd1 31. Qb5 Kf8 32. Ne6+ Rxe6 33. Rc8+ Ke7 34. Re8+ 1-0


[Site "https://www.chess.com"]

[Event "Titled Tuesday Blitz August 23 Early 2022"]
[White "Shirov, Alexei"]
[Black "Borgaonkar Akshay"]
[WhiteFideId "2209390"]
[BlackFideId "25639110"]
[WhiteElo "2678"]
[BlackElo "1755"]
[Result "1-0"]
[Round "06"]
[TimeControl "180+1"]
[Date "2022.08.23"]
[WhiteClock "0:00:54"]
[BlackClock "0:00:46"]

1. e4 c5 2. Nf3 e6 3. d4 cxd4 4. Nxd4 Nc6 5. Nc3 Qc7 6. Be3 a6 7. Qf3 Nf6 8. O-O-O Ne5 9. Qg3 b5 10. f4 Neg4 11. Bg1 h5 12. h3 h4 13. Qf3 Nh6 14. Bd3 Bb7 15. Bf2 Rc8 16. Kb1 b4 17. Nce2 d5 18. e5 Ne4 19. Bxh4 Nf5 20. Be1 Nxd4 21. Nxd4 Bc5 22. Bxe4 dxe4 23. Qe2 Bd5 24. Nb3 Be7 25. Rc1 a5 26. Qb5+ Kf8 27. Qxa5 Qb7 28. Bf2 Ra8 29. Qb6 Qd7 30. Bc5 Qa4 31. Bxe7+ Kxe7 32. Qc5+ Ke8 33. c4 bxc3 34. Rxc3 Qxa2+ 35. Kc2 g6 36. Rd1 Rb8 37. Rxd5 exd5 38. Qc6+ Kf8 39. Qf6 Kg8 40. e6 fxe6 41. Qxg6+ Kf8 42. Qf6+ Ke8 43. Qxh8+ 1-0


[Site "https://www.chess.com"]

[Event "Titled Tuesday Blitz August 23 Early 2022"]
[White "Solon, Nathan"]
[Black "Livaic, Leon"]
[WhiteFideId "2017229"]
[BlackFideId "14531534"]
[WhiteElo "2648"]
[BlackElo "2540"]
[Result "0-1"]
[Round "06"]
[TimeControl "180+1"]
[Date "2022.08.23"]
[WhiteClock "0:00:07"]
[BlackClock "0:00:07"]

1. e4 Nf6 2. d3 c5 3. Nf3 Nc6 4. g3 d6 5. Bg2 g6 6. O-O Bg7 7. c3 O-O 8. Re1 Rb8 9. d4 cxd4 10. cxd4 Bg4 11. h3 Bxf3 12. Bxf3 Nd7 13. Be3 Qb6 14. d5 Nd4 15. Nd2 Qxb2 16. Rb1 Qxa2 17. Nb3 Nxf3+ 18. Qxf3 Ne5 19. Qd1 Rfc8 20. Ra1 Qc2 21. Rxa7 Qxe4 22. Nd2 Qxd5 23. Qb1 h5 24. h4 Bf6 25. Rd1 Qe6 26. Ne4 Bg7 27. Ng5 Qf5 28. Rxb7 Qxb1 29. Rdxb1 Rxb7 30. Rxb7 Nc6 31. Kg2 d5 32. Bc5 Bf6 33. Nf3 e6 34. Bd6 Kg7 35. Ng5 Bxg5 36. hxg5 Rd8 37. Bc5 d4 38. Rc7 d3 39. Be3 Nd4 40. Bd2 Nb3 41. Bc3+ Kg8 42. Bf6 d2 43. Bxd8 d1=Q 44. Bf6 Qd5+ 45. Kh2 Qa8 46. Rd7 Nc5 47. Rd8+ Qxd8 48. Bxd8 Ne4 49. f3 Nd6 50. Kg2 Kf8 51. Bf6 Ke8 52. Kh3 Kd7 53. g4 hxg4+ 54. Kxg4 Kc6 55. Kf4 Kd5 56. Be7 e5+ 57. Kg4 Nf5 58. Bf6 e4 59. fxe4+ Kxe4 60. Bd8 Ne3+ 61. Kg3 Kf5 62. Be7 Nd5 63. Bd8 Nf4 64. Kh4 Ne6 65. Be7 Kf4 66. Bf6 Kf3 67. Be7 Nd4 68. Bf6 Nf5+ 69. Kh3 Kf4 70. Bd8 Nd4 71. Bf6 Nf3 72. Kg2 Nxg5 73. Bg7 Ne4 74. Bh6+ g5 75. Kh3 Kf5 76. Kg2 Kg4 77. Bf8 f5 78. Bb4 f4 79. Be1 f3+ 80. Kf1 Kf4 81. Ba5 g4 82. Bc7+ Kf5 83. Bb8 g3 84. Kg1 Kg4 85. Kf1 Nd2+ 86. Kg1 f2+ 87. Kg2 f1=Q# 0-1


[Site "https://www.chess.com"]

[Event "Titled Tuesday Blitz August 23 Early 2022"]
[White "Srihari L R"]
[Black "Kucuksari, Kaan"]
[WhiteFideId "46617116"]
[BlackFideId "6380166"]
[WhiteElo "2170"]
[BlackElo "2305"]
[Result "1/2-1/2"]
[Round "06"]
[TimeControl "180+1"]
[Date "2022.08.23"]
[WhiteClock "0:01:19"]
[BlackClock "0:00:02"]

1. Nf3 Nf6 2. c4 b6 3. g3 Bb7 4. Bg2 e6 5. O-O Be7 6. d4 O-O 7. Nc3 Ne4 8. Bd2 d6 9. Be1 Nd7 10. Qc2 Nxc3 11. Bxc3 f5 12. Rfe1 Be4 13. Qc1 Qe8 14. Nd2 Bxg2 15. Kxg2 Nf6 16. e4 fxe4 17. Nxe4 Qc6 18. d5 exd5 19. Bxf6 Bxf6 20. cxd5 Qxd5 21. Qxc7 Bxb2 22. Rad1 Qf5 23. Qxd6 Rae8 24. Qd5+ Qxd5 25. Rxd5 Ba3 26. Rd7 Re7 27. Nf6+ Rxf6 28. Rexe7 Bxe7 29. Rxe7 Rf7 30. Re8+ Rf8 31. Re7 Rf7 32. Re8+ Rf8 33. Re7 a5 34. Rb7 Rf6 35. a4 Rc6 36. g4 h6 37. h3 Rc4 38. Rxb6 Rxa4 39. Ra6 Ra3 40. f4 Kf7 41. h4 a4 42. h5 Ra1 43. g5 hxg5 44. fxg5 a3 45. Ra7+ Kg8 46. g6 Kf8 47. Rf7+ Kg8 48. Ra7 Kf8 49. Rf7+ Kg8 50. Ra7 1/2-1/2


[Site "https://www.chess.com"]

[Event "Titled Tuesday Blitz August 23 Early 2022"]
[White "Starozhilov, Leonid"]
[Black "Taboas Rodriguez, Daniel"]
[WhiteFideId "14106752"]
[BlackFideId "2208466"]
[WhiteElo "2414"]
[BlackElo "2429"]
[Result "1-0"]
[Round "06"]
[TimeControl "180+1"]
[Date "2022.08.23"]
[WhiteClock "0:00:03"]
[BlackClock "0:00:11"]

1. e4 e5 2. Nf3 Nc6 3. Bc4 Nf6 4. d3 Bc5 5. Nc3 d6 6. Be3 Bxe3 7. fxe3 Be6 8. Bb3 O-O 9. O-O d5 10. exd5 Nxd5 11. Nxd5 Bxd5 12. e4 Bxb3 13. axb3 a5 14. Qd2 b6 15. Kh1 Qe7 16. Rf2 Rad8 17. Raf1 Nd4 18. Nxd4 Rxd4 19. Rf5 f6 20. g4 g6 21. R5f3 Rdd8 22. Qh6 Rf7 23. h4 Qf8 24. Qe3 Qe7 25. Kg2 Qe6 26. Kg3 Rdf8 27. Qh6 Rg7 28. g5 Rgf7 29. gxf6 Rxf6 30. Qxf8+ Rxf8 31. Rxf8+ Kg7 32. h5 gxh5 33. R8f5 h4+ 34. Kxh4 Qe7+ 35. Kg4 Qe6 36. Rf2 Kg6 37. Kf3 Qe7 38. Rg2+ Kh6 39. Ke2 Qh4 40. Rff2 Qe7 41. Rf3 Qh4 42. Rgg3 Qh2+ 43. Kd1 Qh1+ 44. Kd2 Qh2+ 45. Kc3 Qe2 46. Re3 Qf2 47. Rgf3 1-0


[Site "https://www.chess.com"]

[Event "Titled Tuesday Blitz August 23 Early 2022"]
[White "Szpar, Milosz"]
[Black "Lamaze, Simon"]
[WhiteFideId "1184989"]
[BlackFideId "36069264"]
[WhiteElo "2422"]
[BlackElo "2131"]
[Result "1-0"]
[Round "06"]
[TimeControl "180+1"]
[Date "2022.08.23"]
[WhiteClock "0:00:42"]
[BlackClock "0:00:12"]

1. Nf3 c5 2. e4 Nc6 3. Bb5 d6 4. O-O Bd7 5. Re1 Nf6 6. c3 a6 7. Bf1 Bg4 8. d4 cxd4 9. cxd4 e5 10. d5 Nd4 11. Nc3 Be7 12. Be3 Nxf3+ 13. gxf3 Bd7 14. a4 Nh5 15. a5 Bg5 16. Qd2 Bf4 17. Ne2 Qh4 18. Nxf4 exf4 19. Bd4 f6 20. Qb4 O-O 21. Qxd6 Bh3 22. Bxh3 Qxh3 23. Qe6+ Qxe6 24. dxe6 Rfe8 25. Ra3 Rxe6 26. Rb3 Rd8 27. Bb6 Rd7 28. Rc1 Kf7 29. Kf1 g5 30. Ke2 Ng7 31. Rd3 Rxd3 32. Kxd3 Rc6 33. Rh1 h5 34. h3 g4 35. hxg4 hxg4 36. fxg4 Ne6 37. Rh7+ Ng7 38. f3 Kg6 39. Rh8 Ne6 40. Rg8+ Kf7 41. Rb8 Rd6+ 42. Ke2 Rd7 43. Rc8 Kg6 44. Rc2 Ng5 45. Rc7 Rd6 46. Rxb7 Rc6 47. Rc7 Rd6 48. Rc4 Rd7 49. b4 Rh7 50. Rc1 Rh2+ 51. Bf2 Nh3 52. Rf1 Rg2 53. b5 axb5 54. a6 Nxf2 55. Rxf2 Rg1 56. Rf1 Rg2+ 57. Kd3 Ra2 58. Rb1 Rxa6 59. Rb3 Ra3 60. Rxa3 1-0


[Site "https://www.chess.com"]

[Event "Titled Tuesday Blitz August 23 Early 2022"]
[White "Timofeev, Artyom"]
[Black "Krsnik Cohar, Ivan Vihor"]
[WhiteFideId "4140419"]
[BlackFideId "14520044"]
[WhiteElo "2578"]
[BlackElo "2414"]
[Result "1-0"]
[Round "06"]
[TimeControl "180+1"]
[Date "2022.08.23"]
[WhiteClock "0:01:29"]
[BlackClock "0:00:13"]

1. e4 c5 2. Nc3 g6 3. g3 Bg7 4. Bg2 Nc6 5. d3 Nf6 6. Be3 d6 7. Nf3 Rb8 8. O-O O-O 9. h3 b5 10. Qd2 c4 11. Rad1 Qa5 12. a3 cxd3 13. cxd3 b4 14. axb4 Qxb4 15. Rb1 a5 16. Rfc1 Bd7 17. d4 e6 18. e5 Nd5 19. Nxd5 exd5 20. exd6 Qxd6 21. Bf4 Qb4 22. Bxb8 Rxb8 23. Qf4 a4 24. Ng5 Nxd4 25. Qxf7+ Kh8 26. Qxd7 Ne2+ 27. Kh2 Nxc1 28. Rxc1 Qxb2 29. Rc8+ 1-0


[Site "https://www.chess.com"]

[Event "Titled Tuesday Blitz August 23 Early 2022"]
[White "Tristan, Leonardo"]
[Black "Tica, Sven"]
[WhiteFideId "113816"]
[BlackFideId "14526948"]
[WhiteElo "2404"]
[BlackElo "2350"]
[Result "1-0"]
[Round "06"]
[TimeControl "180+1"]
[Date "2022.08.23"]
[WhiteClock "0:00:56"]
[BlackClock "0:00:02"]

1. d4 g6 2. e4 Bg7 3. Nc3 a6 4. a4 d6 5. Nf3 Nd7 6. Be2 b6 7. O-O Bb7 8. Re1 e6 9. h3 Ne7 10. Bf4 h6 11. Bh2 O-O 12. Qd2 e5 13. Rad1 exd4 14. Nxd4 Nc5 15. Bf1 Qd7 16. b3 Ne6 17. Nf3 Bc6 18. Nd5 b5 19. a5 Bb7 20. b4 Nc6 21. c3 Rae8 22. Bg3 Qd8 23. Bd3 Ne5 24. Nxe5 dxe5 25. Bc2 c5 26. Bb3 c4 27. Bc2 Qc8 28. f3 Kh7 29. Bf2 Rd8 30. Bb6 Rd7 31. Nf6+ Bxf6 32. Qxd7 Bc6 33. Qxc8 Rxc8 34. g3 Be7 35. Kg2 Kg7 36. Rd2 h5 37. h4 Rb8 38. Red1 Rb7 39. Be3 f6 40. Rd6 Bxd6 41. Rxd6 Bd7 42. Rxa6 1-0


[Site "https://www.chess.com"]

[Event "Titled Tuesday Blitz August 23 Early 2022"]
[White "Tsaruk, Maksim"]
[Black "Deac, Bogdan-Daniel"]
[WhiteFideId "13511173"]
[BlackFideId "1226380"]
[WhiteElo "2178"]
[BlackElo "2648"]
[Result "0-1"]
[Round "06"]
[TimeControl "180+1"]
[Date "2022.08.23"]
[WhiteClock "0:00:02"]
[BlackClock "0:00:05"]

1. e4 c6 2. d4 d5 3. Nd2 Qc7 4. Bd3 dxe4 5. Nxe4 Bf5 6. Nf3 e6 7. O-O Bxe4 8. Bxe4 Nf6 9. Bd3 Bd6 10. Re1 Nbd7 11. Qe2 a5 12. Ne5 O-O 13. Bf4 a4 14. a3 Nd5 15. Bg3 Bxe5 16. dxe5 Nc5 17. c4 Nxd3 18. Qxd3 Ne7 19. Qd6 Qd8 20. Rad1 Nf5 21. Qb4 Qc7 22. Bf4 c5 23. Qb5 Nd4 24. Rxd4 cxd4 25. Bd2 Rfc8 26. Rc1 Qc6 27. Qb4 Qe4 28. Qd6 Qe2 29. Bb4 Rxc4 30. Re1 Qc2 31. h4 h5 32. Qd7 d3 33. Qxb7 Rd8 34. Qe7 Rcc8 35. Qg5 d2 36. Bxd2 Qxd2 37. Re3 Qd1+ 38. Kh2 Qg4 39. Qe7 Re8 40. Qb7 Qxh4+ 41. Rh3 Qf4+ 0-1


[Site "https://www.chess.com"]

[Event "Titled Tuesday Blitz August 23 Early 2022"]
[White "Urazayev, Arystanbek"]
[Black "Sirosh, Ilja"]
[WhiteFideId "13709810"]
[BlackFideId "4500458"]
[WhiteElo "2441"]
[BlackElo "2255"]
[Result "1/2-1/2"]
[Round "06"]
[TimeControl "180+1"]
[Date "2022.08.23"]
[WhiteClock "0:00:16"]
[BlackClock "0:00:03"]

1. d4 Nf6 2. c4 e6 3. Nf3 d5 4. g3 dxc4 5. Bg2 Nbd7 6. Nfd2 Rb8 7. Nxc4 b5 8. Na5 Bb4+ 9. Bd2 Bxa5 10. Bxa5 Bb7 11. Bxb7 Rxb7 12. Qc2 O-O 13. Qc6 Qc8 14. O-O Nb8 15. Qf3 c5 16. dxc5 Rd7 17. Bc3 Qxc5 18. Bxf6 gxf6 19. Qxf6 b4 20. a3 a5 21. axb4 axb4 22. Ra8 Qd5 23. Ra4 Nc6 24. h4 Nd4 25. Rxb4 Nxe2+ 26. Kh2 Qf5 27. Qxf5 exf5 28. Nc3 Nxc3 29. bxc3 Rc8 30. Rc1 Rd3 31. c4 Rd4 32. f4 Kg7 33. h5 h6 34. Kh3 Re4 35. Rb5 Rcxc4 36. Rxc4 Rxc4 37. Rxf5 Rc1 38. Ra5 Rh1+ 39. Kg4 Rb1 40. Kf5 Rg1 41. g4 Rf1 42. Ra6 Rf2 43. g5 hxg5 44. h6+ Kh7 45. Kxg5 Rg2+ 46. Kf5 Rg1 47. Rf6 Ra1 48. Rxf7+ Kxh6 49. Re7 Ra5+ 50. Kf6 Ra6+ 51. Re6 Ra4 52. f5 Kh7 53. Re7+ Kg8 54. Re8+ Kh7 55. Kf7 Ra7+ 56. Re7 Ra8 57. f6 Kh6 58. Re8 Ra7+ 59. Ke6 Ra6+ 60. Kf5 Ra5+ 61. Re5 Ra1 62. Re2 Ra5+ 63. Ke6 Ra6+ 64. Kf7 Ra7+ 65. Re7 Ra8 66. Rb7 Kh7 67. Ke6+ Kg6 68. Rg7+ Kh6 69. Rd7 Kg6 70. Ke7 Rb8 71. Ra7 Kh6 72. Kf7 Kh7 73. Rd7 Ra8 74. Rb7 Kh6 75. Rd7 Kh7 76. Re7 Kh6 1/2-1/2


[Site "https://www.chess.com"]

[Event "Titled Tuesday Blitz August 23 Early 2022"]
[White "Vlassov, Nikolai"]
[Black "Mekhitarian, Krikor Sevag"]
[WhiteFideId "4103360"]
[BlackFideId "2107660"]
[WhiteElo "2324"]
[BlackElo "2603"]
[Result "0-1"]
[Round "06"]
[TimeControl "180+1"]
[Date "2022.08.23"]
[WhiteClock "0:01:21"]
[BlackClock "0:02:04"]

1. e4 c5 2. c3 d5 3. exd5 Qxd5 4. d4 g6 5. dxc5 Qxd1+ 6. Kxd1 Nf6 7. b4 Bg7 8. Bb5+ Nc6 9. Bxc6+ bxc6 10. Bd2 a5 11. Nf3 axb4 12. Re1 Nd5 13. Kc2 Bf5+ 14. Kb3 O-O 15. Nd4 bxc3 16. Bxc3 Rfb8+ 0-1


[Site "https://www.chess.com"]

[Event "Titled Tuesday Blitz August 23 Early 2022"]
[White "Xu, Yi"]
[Black "Derjabin, Ilja"]
[WhiteFideId "8605564"]
[BlackFideId "14104768"]
[WhiteElo "2471"]
[BlackElo "2341"]
[Result "1-0"]
[Round "06"]
[TimeControl "180+1"]
[Date "2022.08.23"]
[WhiteClock "0:00:06"]
[BlackClock "0:00:01"]

1. e4 e6 2. d4 d5 3. e5 c5 4. c3 Qa5 5. a3 Nc6 6. Nf3 c4 7. h4 h6 8. Nbd2 b5 9. h5 b4 10. cxb4 Bxb4 11. Be2 c3 12. bxc3 Bxc3 13. Rb1 Nge7 14. O-O O-O 15. Nb3 Qd8 16. Qd3 Ba5 17. Nh4 Bb6 18. Qg3 Kh8 19. Be3 Nf5 20. Nxf5 exf5 21. Rfc1 Ne7 22. Nc5 Be6 23. Bf4 Rc8 24. Qe3 Kg8 25. Ba6 Rc7 26. a4 Bxc5 27. dxc5 d4 28. Qg3 Kh8 29. Bd2 Nd5 30. Ba5 Nc3 31. Rxc3 dxc3 32. Qxc3 Qd7 33. Bxc7 Qxc7 34. c6 Bd5 35. Rc1 f4 36. Qd4 Be6 37. Qxf4 Qa5 38. Bb7 Qc7 39. Qd4 Rb8 40. Kh2 Kh7 41. Qd6 1-0


[Site "https://www.chess.com"]

[Event "Titled Tuesday Blitz August 23 Early 2022"]
[White "Zhigalko, Sergei"]
[Black "Munkhgal, Gombosuren"]
[WhiteFideId "13502956"]
[BlackFideId "4901266"]
[WhiteElo "2662"]
[BlackElo "2576"]
[Result "1-0"]
[Round "06"]
[TimeControl "180+1"]
[Date "2022.08.23"]
[WhiteClock "0:00:03"]
[BlackClock "0:00:02"]

1. e4 d6 2. d4 Nf6 3. Nc3 g6 4. Nf3 Bg7 5. h3 O-O 6. Be3 a6 7. Bd3 b5 8. a4 b4 9. Ne2 Bb7 10. Ng3 Nbd7 11. a5 c5 12. c3 Qc7 13. O-O e5 14. dxe5 dxe5 15. cxb4 cxb4 16. Qb3 Nc5 17. Qc4 Rac8 18. Rfc1 Nfd7 19. Bf1 b3 20. Nd2 Qb8 21. Qb4 Ne6 22. Nxb3 Rfd8 23. Rxc8 Rxc8 24. Rc1 Bf8 25. Rxc8 Qxc8 26. Qc4 Qd8 27. Qc3 Nf4 28. Nc5 Nxc5 29. Bxc5 Qc7 30. Bd4 Bd6 31. Qxc7 Bxc7 32. Bc3 Kf8 33. Bc4 Ke7 34. f3 Bd6 35. Ne2 Bc5+ 36. Kf1 Nxe2 37. Kxe2 f6 38. b4 Bg1 39. Kd3 Kd6 40. Bd2 Bd4 41. Be3 Bxe3 42. Kxe3 Bc8 43. Kd3 Kc6 44. Kc3 g5 45. Bd5+ Kd6 46. Kc4 Bd7 47. Kc3 h5 48. Bc4 Bc8 49. Kb3 h4 50. Ka4 Bd7+ 51. Ka3 Bc8 52. Kb3 Kc6 53. Kc3 Kd6 54. Bd3 Kc6 55. Be2 Kd6 56. Bf1 Kc6 57. Bc4 Kd6 58. b5 axb5 59. Bxb5 Kc5 60. Bc4 Bb7 61. a6 Ba8 62. Bd5 Bxd5 63. exd5 Kb6 64. d6 1-0


[Site "https://www.chess.com"]

[Event "Titled Tuesday Blitz August 23 Early 2022"]
[White "Adewumi, Tanitoluwa"]
[Black "Bryakin, Mikhail"]
[WhiteFideId "30966396"]
[BlackFideId "4165314"]
[WhiteElo "2629"]
[BlackElo "2353"]
[Result "1-0"]
[Round "07"]
[TimeControl "180+1"]
[Date "2022.08.23"]
[WhiteClock "0:00:14"]
[BlackClock "0:00:02"]

1. e4 d5 2. exd5 Qxd5 3. Nc3 Qe5+ 4. Nge2 Nf6 5. d4 Qa5 6. g3 c6 7. Bg2 Bf5 8. O-O e6 9. Nf4 Nbd7 10. Re1 Be7 11. Bd2 Qd8 12. a4 a5 13. h4 O-O 14. Bf3 h6 15. Ng2 Bh7 16. Ne3 Nd5 17. Nc4 Nxc3 18. Bxc3 Bf6 19. Qd2 c5 20. Nxa5 cxd4 21. Bb4 Re8 22. Nxb7 Qc7 23. Nd6 Rab8 24. Nxe8 Rxe8 25. a5 e5 26. a6 e4 27. a7 Qb7 28. c3 Ra8 29. Bg2 Rxa7 30. Rxa7 Qxa7 31. Bxe4 Bxe4 32. Rxe4 dxc3 33. Bxc3 Qa1+ 34. Re1 Qa4 35. Bxf6 Nxf6 36. b4 Qb5 37. Rc1 g6 38. Rc5 Qb6 39. Qd4 Kg7 40. b5 Qa7 41. g4 h5 42. g5 Kh7 43. gxf6 Qb8 44. b6 Qxb6 45. Rxh5+ 1-0


[Site "https://www.chess.com"]